Unix NetHack Version 5.0.0-0 post-release - last build Jul 14 2026 02:55:29 (1809b74e8187c3a3585e283601c3028b46cbbdcb,branch:main).

Game began 2026-07-14 20:37:24, ended 2026-07-14 20:52:43.

Jinnora, neutral female human Wizard

           ----------               -------       ----------------
           |........-##            #..)....#######|..............|
           |........|              #|.>#..|      #-..............|
           |{......@|             ##|....{|       |..............|      ------
           |........%#           ## --.----       --------------.-      |....|
           |........|#           #    ###                       #      #.....|
           -.--------#           #      ###                   ###  #####|....|
            ####     #           #        ####        #########    #    |....|
               #     #           #           ######   #          ###    |....|
               ###   (           #                ########       #      ------
                 #   #           #                  #    ##      #
        ---------.-  #           #                --|------------#
        |.........|  ##          #                |.............|#
        |.........|   ##         #                |.............|#
        |.........|    #         #                |..`...........#
        -----------    #  -------#                ---------------
                       #  |......#
                       ###-...`<|
                          -------

Jinnora the Conjurer      St:11 Dx:17 Co:13 In:18 Wi:11 Ch:9  Neutral
Dlvl:6  $:514 HP:0(37) Pw:17(55) AC:8  Xp:5/231 T:2213  Blind Deaf

Latest messages:
 The spell misses the imp.
 The imp hits!
 "Up thy nose with a rubber hose!"
 In what direction? 4
 The spell hits the imp!
 You kill the imp!
 A black potion shatters!
 You smell a peculiar odor...
 Something seems to be holding you.
 You can move again.
 There is an open door here.
 You see here a homunculus corpse.
 What do you want to put on? [deT or ?*] ^P
 You don't have that object.
 What do you want to put on? [deT or ?*] <esc>
 Never mind.
 What do you want to call? [jotuzEGJPR-TX-Z or ?*] ?
 Never mind.
 You see here 13 gold pieces.
 $ - 13 gold pieces (514 in total).
 In what direction? 6
 The door opens.
 You swap places with your kitten.
 You are momentarily blinded by a flash of light!
 You hear a deafening roar!
 You feel an unseen monster!
 It bites!
 It hits!
 It bites!
 It bites again!
 It hits!
 It bites!
 It bites again!
 In what direction? 7
 The spell hits it!
 You kill it!
 It bites!
 It hits!
 It bites!
 It bites again!
 In what direction? 4
 The spell misses it.
 It hits!
 It misses!
 It bites!
 It hits!
 It bites!
 It bites again!
 You die...
 Do you want your possessions identified? [ynq] (y) q

Inventory:
 Coins    ('$')
  $ - 514 gold pieces
 Weapons  (')')
  a - a blessed +1 quarterstaff (weapon in hands)
 Armor    ('[')
  E - a blessed +0 helm of brilliance (being worn)
  R - an uncursed +0 helm of caution
  b - an uncursed +0 cloak of magic resistance (being worn)
 Comestibles  ('%')
  y - 2 uncursed food rations
  A - an uncursed lichen corpse
 Scrolls  ('?')
  J - an uncursed scroll of enchant weapon
  i - an uncursed scroll of identify
  k - an uncursed scroll of light
  z - an uncursed scroll of stinking cloud
  t - a blessed scroll of teleportation
  j - an uncursed scroll of teleportation
 Potions  ('!')
  g - a blessed potion of extra healing
  H - an uncursed potion of extra healing
  G - 2 blessed potions of healing
  o - an uncursed potion of healing
  Y - a blessed potion of levitation
  X - an uncursed potion of object detection
  V - an uncursed potion of paralysis
  u - a cursed potion of see invisible
  h - an uncursed potion of water
 Rings    ('=')
  T - an uncursed ring of searching
  d - an uncursed ring of see invisible
  e - an uncursed ring of warning
 Wands    ('/')
  S - an uncursed wand of digging (0:4)
  O - an uncursed wand of light (0:14)
  c - an uncursed wand of light (0:11)
  W - an uncursed wand of teleportation (0:3)
 Tools    ('(')
  D - a cursed brass lantern
  F - an uncursed credit card
 Gems/Stones  ('*')
  P - an uncursed worthless piece of white glass
  Z - an uncursed flint stone

Jinnora the Wizard's attributes:

Background:
 You were a Conjurer, a level 5 female human Wizard.
 You were neutral, on a mission for Thoth
 who was opposed by Ptah (lawful) and Anhur (chaotic).
 You were left-handed.
 You were in the Dungeons of Doom, on level 6.
 You entered the dungeon 2213 turns ago.
 There was a new moon in effect when your adventure ended.
 You had 231 experience points, 89 more were needed to attain level 6.

Basics:
 You had 0 out of 37 hit points.
 You had 17 out of 55 energy points (spell power).
 Your armor class was 8.
 Your wallet contained 514 zorkmids.
 Autopickup was off.

Final Characteristics:
 Your strength was 11 (limit:18/100).
 Your dexterity was 17 (limit:18).
 Your constitution was 13 (limit:18).
 Your intelligence was 18 (limit:18).
 Your wisdom was 11 (limit:18).
 Your charisma was 9 (limit:18).

Final Status:
 You were temporarily blind.
 You were deaf.
 You weren't hungry.
 You were unencumbered.
 You were wielding a quarterstaff.
 You had basic skill with quarterstaff.

Final Attributes:
 You were piously aligned.
 You were magic-protected.
 You were warded.
 You are dead.

Miscellaneous:
 You didn't encounter any bones levels.
 Total elapsed playing time was 15 minutes and 18 seconds.

Major events:
 Turn
    1: Jinnora the neutral female human Wizard entered the dungeon
 1111: entered the Gnomish Mines
 1324: attained the rank of Conjurer (level 3)
 2213: killed by a rothe

Spells:
 Name                 Level Category     Fail Retention
 force bolt             1   attack         0%   81%-90%
 extra healing          3   healing       79%  76%-100%
 wizard lock            2   matter        43%  76%-100%

Skills:
 Fighting Skills
   bare handed combat [Unskilled]
   riding             [Unskilled]
 Weapon Skills
   dagger             [Unskilled]
   knife              [Unskilled]
   axe                [Unskilled]
   short sword        [Unskilled]
   club               [Unskilled]
   mace               [Unskilled]
   quarterstaff       [Basic]
   polearms           [Unskilled]
   spear              [Unskilled]
   trident            [Unskilled]
   sling              [Unskilled]
   dart               [Unskilled]
   shuriken           [Unskilled]
 Spellcasting Skills
   attack spells      [Basic]
   healing spells     [Unskilled]
   divination spells  [Unskilled]
   enchantment spells [Basic]
   clerical spells    [Unskilled]
   escape spells      [Unskilled]
   matter spells      [Unskilled]

Voluntary challenges:
 Character rerolling was not enabled.
 You never genocided any monsters.
 You never polymorphed an object.
 You never changed form.
 You used no wishes.
Achievements:
 You entered a shop.
 You entered the Gnomish Mines.
 You attained the rank of Conjurer.

 The Dungeons of Doom: levels 1 to 7
    Level 1:
       Some fountains.
    Level 2:
       A fountain.
    Level 3:
       A general store, an altar, a fountain.
    Level 4:
       Some fountains.
       Stairs down to The Gnomish Mines.
    Level 5:
       An altar.
    Level 6: <- You were here.
       Some fountains, a tree.
       Final resting place for
          you, killed by a rothe.
    Level 7:
 The Gnomish Mines:
    Level 5:


Vanquished creatures:
  a housecat
  a blue jelly
  2 imps
  a shrieker
  a gnome leader
  a straw golem
  a floating eye
  3 homunculi
  3 rothes
  a wererat
  a werejackal
 an iguana
  2 gas spores
  a hobgoblin
  a giant rat
  a red mold
  a gnome
  3 geckos
  2 jackals
  a fox
  a kobold
  3 goblins
  2 sewer rats
  a grid bug
  a bat
  a lichen
 10 newts
48 creatures vanquished.

No species were genocided or became extinct.

Game over:
                       ----------
                      /          \
                     /    REST    \
                    /      IN      \
                   /     PEACE      \
                  /                  \
                  |     Jinnora      |
                  |      514 Au      |
                  |   killed by a    |
                  |      rothe       |
                  |                  |
                  |                  |
                  |       2026       |
                 *|     *  *  *      | *
        _________)/\\_//(\/(/\)/\//\/|_)_______

Goodbye Jinnora the Wizard...

You died in The Dungeons of Doom on dungeon level 6 with 1687 points,
and 514 pieces of gold, after 2213 moves.
You were level 5 with a maximum of 37 hit points when you died.

